 Dungeon Crawl Stone Soup version 0.15-a0-429-gf5d7e11 (webtiles) character file.

527 Quh the Spear-Bearer (level 6, -6/51 HPs)
             Began as a Minotaur Berserker on May 6, 2014.
             Was a Priest of Trog.
             Killed by divine providence
             ... invoked by an orc priest
              (12 damage)
             ... on Level 4 of the Dungeon.
             The game lasted 00:14:44 (3299 turns).

Quh the Spear-Bearer (Minotaur Berserker)           Turns: 3299, Time: 00:14:44

HP  -6/51        AC  7     Str 22      XL: 6   Next: 52%
MP   3/3         EV  9     Int  4      God: Trog [***...]
Gold 132         SH  0     Dex 11      Spells:  0 memorised,  5 levels left

rFire  . . .     SeeInvis .     a - +1,+0 spear
rCold  . . .     Clarity  .     n - +0 scale mail
rNeg   + . .     Conserve .     (no shield)
rPois  .         rCorr    +     (helmet restricted)
rElec  .         rRot     .     e - +0 cloak
SustAb . .       Spirit   .     (no gloves)
rMut   .         Warding  .     (no boots)
Saprov . . .     Stasis   .     A - amulet of resist corrosion
MR     .....                    (no ring)
                                x - ring of positive energy

@: confused, drained, not resistant to hostile enchantments, extremely
unstealthy
A: retaliatory headbutt, horns 2
a: Burn Spellbooks, Berserk, Trog's Hand, Renounce Religion


You were on level 4 of the Dungeon.
You worshipped Trog.
Trog was most pleased with you.
You were very hungry.

You visited 1 branch of the dungeon, and saw 4 of its levels.

You collected 132 gold pieces.

Inventory:

Hand weapons
 a - a +1,+0 spear (weapon)
Missiles
 h - 59 darts
 j - 4 poisoned darts
 q - 11 arrows
 t - 27 exploding darts (quivered)
 z - 9 poisoned arrows
 C - 4 tomahawks
Armour
 b - a +0 animal skin
 e - a +0 cloak (worn)
 n - a +0 scale mail (worn)
 v - a +0 ring mail
 E - a troll hide {Purgy}
Comestibles
 c - 2 bread rations
 k - 2 meat rations
 r - a pear
 B - a choko
Scrolls
 g - 5 scrolls of remove curse
 m - 2 scrolls of identify
Jewellery
 x - a ring of positive energy (left hand)
 A - an amulet of resist corrosion (around neck)
Potions
 d - a potion of might {unknown}
 f - 2 potions of curing
 i - a potion of restore abilities {unknown}
 l - a potion of haste {unknown}
 o - 2 potions of heal wounds
 p - a potion of poison {unknown}


   Skills:
 - Level 3.6(3.5) Fighting
 * Level 9.0(8.9) Polearms
 - Level 2.4(2.3) Armour
 - Level 2.1(2.0) Dodging


You had 5 spell levels left.
You didn't know any spells.

Dungeon Overview and Level Annotations

Branches:
Dungeon (4/15)
 Temple: D:4-7

Altars:
Okawaru
Sif Muna
Xom
The Shining One

Shops:
D:4 *


Innate Abilities, Weirdness & Mutations

You reflexively headbutt those who attack you in melee.
You have a pair of horns on your head.


Message History

The orc priest mumbles some strange prayers to Beogh against you.
Pain shoots through your body!
You hit the orc priest but do no damage.
You headbutt the orc priest!
The orc priest is severely wounded.
You hear some strange, mumbled words.
You are confused.
You miss the orc priest. You headbutt the orc priest.
The orc priest is severely wounded.
The orc priest invokes the aid of Beogh against you.
Something smites you!
* * * LOW HITPOINT WARNING * * *
You hit the orc priest but do no damage.
The orc priest is severely wounded.
Something hits you.
* * * LOW HITPOINT WARNING * * *
You miss something.
The orc priest calls down the wrath of Beogh upon you.
Something smites you!
You die...

#####.### #.......#
.. #.......# #.# #
'.......# ......
#.......# ##>.....
#(......+ ...#..#
#.....>.# #o...
#.......# #.o#
###'##### #@# #.#
#.# #.# #.# #.## #.#
#..# #.# ##.#
###'##### ###'###
#......># ######
#..)..#
#.......#######.....
#.....#
#.......'.....#.....


You could see 2 orc priests.

Vanquished Creatures
  Purgy (D:3)
  Sigmund (D:3)
  2 orc wizards
  A worker ant (D:3)
  Ijyb (D:4)
  4 adders
  5 giant geckos
  10 orcs
  2 ball pythons
  16 bats
  5 giant cockroaches
  3 goblins
  13 hobgoblins
  2 quokkas
  2 giant newts
  A giant spore (D:2)
  15 kobolds
  4 rats
88 creatures vanquished.

Vanquished Creatures (others)
  A giant spore (D:2)
1 creature vanquished.

Grand Total: 89 creatures vanquished

Notes
Turn   | Place    | Note
--------------------------------------------------------------
     0 | D:1      | Quh, the Minotaur Berserker, began the quest for the Orb.
     0 | D:1      | Reached XP level 1. HP: 19/19 MP: 1/1
    48 | D:1      | Reached skill level 4 in Polearms
   365 | D:1      | Reached XP level 2. HP: 20/26 MP: 1/1
   560 | D:1      | Reached skill level 5 in Polearms
   576 | D:1      | Acquired Trog's second power
   749 | D:1      | Reached XP level 3. HP: 31/31 MP: 2/2
   982 | D:2      | Found an iron altar of Okawaru.
  1213 | D:2      | Found a shimmering altar of Xom.
  2015 | D:3      | Reached XP level 4. HP: 39/39 MP: 2/2
  2018 | D:3      | Reached skill level 6 in Polearms
  2317 | D:3      | Found a glowing golden altar of the Shining One.
  2327 | D:3      | Noticed Sigmund
  2337 | D:3      | Killed Sigmund
  2337 | D:3      | Reached skill level 7 in Polearms
  2337 | D:3      | Reached XP level 5. HP: 45/45 MP: 2/2
  2372 | D:3      | Found a deep blue altar of Sif Muna.
  2649 | D:3      | Noticed Purgy
  2660 | D:3      | Killed Purgy
  2660 | D:3      | Reached skill level 8 in Polearms
  2660 | D:3      | Reached XP level 6. HP: 51/51 MP: 3/3
  3010 | D:4      | Noticed Ijyb
  3022 | D:4      | Killed Ijyb
  3196 | D:4      | Found Psaacaqe's Assorted Antiques.
  3292 | D:4      | Reached skill level 9 in Polearms
  3299 | D:4      | Killed from afar by an orc priest

Action                   |  1- 3 |  4- 6 || total
-------------------------+-------+-------++-------
Melee: Spear             |   118 |   120 ||   238
Throw: Dart              |     5 |     1 ||     6
Invok: Berserk           |     1 |     2 ||     3
       Trog's Hand       |       |     2 ||     2
  Use: Scroll            |       |    12 ||    12
       Potion            |       |     1 ||     1
 Stab: Sleeping          |     1 |       ||     1
